Cogmind - Beta 12 @@@ ROGUE MODE // 2023.12.28 @ 20:15:27 Player: Ischenous Result: Destroyed by G-34 Mercenary with Small Laser Performance ------------- Evolutions (0) 0 Regions Visited (4) 800 Robots Destroyed (24) 120 Value Destroyed (510) 510 Prototype IDs (1) 20 Alien Tech Used (0) 0 Bonus (300) 300 TOTAL SCORE: 1750 Bonus ------- Aligned with FarCom 300 Cogmind --------- Core Integrity 0/250 Matter 194/300 Energy 99/100 System Corruption 0% Temperature Cool (6) Movement Core (100) Ox1 Location -9/Mines Parts ------- > --- POWER (1) -------- (None) > --- PROPULSION (2) --- (None) > --- UTILITY (2) ------ Small Storage Unit > --- WEAPON (2) ------- (None) > --- INVENTORY (8) ---- Light Ion Engine Light Ion Engine Visual Processing Unit Improved Terrain Scanner Bomb Drone Bay Proton Bomb Trap Peak State ------------ > --- POWER ------------ Light Ion Engine > --- PROPULSION ------- Wheel Wheel > --- UTILITY ---------- Small Storage Unit Experimental Sensor Array > --- WEAPON ----------- EM Pulse Gun Assault Rifle > --- INVENTORY -------- Light Ion Engine Light Ion Engine Visual Processing Unit Improved Terrain Scanner Bomb Drone Bay Mining Laser Proton Bomb Trap [Rating: 17] Favorites ----------- Power Light Ion Engine Engine Light Ion Engine Propulsion Wheel Wheel Wheel Utility Small Storage Unit Device Experimental Sensor Array Storage Small Storage Unit Weapon EM Pulse Gun Energy Gun EM Pulse Gun Ballistic Gun Assault Rifle Launcher Rocket Launcher Build | -11 -10 -10 -10 -9 ------- Run | Jun Mat Min Exi Min Slots Evolved . | . . . . . Power . | . . . . . Propulsion . | . . . . . Utility . | . . . . . Weapon . | . . . . . Parts Attached 12 | 6 3 1 1 1 Power 2 | 1 1 . . . Engine 2 | 1 1 . . . Core . | . . . . . Reactor . | . . . . . Propulsion 2 | 1 . 1 . . Treads . | . . . . . Leg . | . . . . . Wheel 2 | 1 . 1 . . Hover . | . . . . . Flight . | . . . . . Utility 3 | 2 . . 1 . Device 2 | 1 . . 1 . Storage 1 | 1 . . . . Processor . | . . . . . Hackware . | . . . . . Protection . | . . . . . Artifact . | . . . . . Weapon 5 | 2 2 . . 1 Energy Gun 2 | 1 1 . . . Energy Cannon . | . . . . . Ballistic Gun 2 | 1 1 . . . Ballistic Cannon . | . . . . . Launcher 1 | . . . . 1 Special Weapon . | . . . . . Impact Weapon . | . . . . . Slashing Weapon . | . . . . . Piercing Weapon . | . . . . . Special Melee Weapon . | . . . . . Unidentified Prototypes 1 | . . . 1 . Parts Lost 7 | . . . . 7 Power 1 | . . . . 1 Propulsion 2 | . . . . 2 Utility 1 | . . . . 1 Weapon 3 | . . . . 3 Highest Loss Streak 7 | . . . . 7 To Critical Strikes . | . . . . . Average Slot Usage (%) 97 | . 81 93 100 98 Engine 13 | . 12 14 14 13 Wheel 26 | . 14 21 28 27 Device 13 | . 14 14 14 13 Storage 14 | . 14 14 14 14 Energy Gun 13 | . 12 14 14 13 Ballistic Gun 13 | . 12 14 14 13 Naked Turns . | . . . . . Heaviest Build 13 | 13 13 13 13 13 Greatest Support 20 | 10 10 20 20 20 Greatest Overweight (x) 3 | 1 1 1 . 3 Average Overweight (x) . | . . . . . Largest Inventory Capacity 8 | 8 8 8 8 8 Average Capacity 7 | 7 8 8 8 8 Most Carried 8 | 6 8 8 8 8 Average Carried 7 | 3 7 7 8 7 Final Capacity 8 | 8 8 8 8 8 Final Carried 8 | 6 8 8 8 7 Class Distribution -------------------- 51% | Mutant 48% | Skirmisher Dominant Class ---------------- Mutant | -10/Materials Mutant | -10/Mines Mutant | -10/Exiles Skirmisher | -9/Mines Resources | -11 -10 -10 -10 -9 ----------- Run | Jun Mat Min Exi Min Matter Collected 310 | 237 17 42 . 14 Remotely . | . . . . . Salvage Created 510 | 14 54 . . 442 Parts 47 | 5 5 . . 37 Haulers Intercepted . | . . . . . Recyclers Shooed . | . . . . . Parts Field Recycled . | . . . . . Retrieved Matter . | . . . . . Parts Self-Destructed . | . . . . . Prevented . | . . . . . Kills | -11 -10 -10 -10 -9 ------- Run | Jun Mat Min Exi Min Combat Hostiles Destroyed 15 | . 3 . . 12 Guns 2 | . 1 . . 1 AOE 13 | . 2 . . 11 Classes Destroyed 4 | 1 2 . . 1 Tunneler 8 | 1 . . . 7 Watcher 1 | . 1 . . . Swarmer 3 | . 3 . . . Grunt 12 | . . . . 12 Best Kill Streak 18 | 1 2 . . 18 Combat Bots Only 11 | . 2 . . 11 Max Kills in Single Turn 6 | 1 1 . . 6 Gunslinging . | . . . . . Exploded 3 | . 1 . . 3 Melee . | . . . . . Uniques/NPCs Destroyed . | . . . . . Combat | -11 -10 -10 -10 -9 -------- Run | Jun Mat Min Exi Min Damage Taken 643 | . 57 . . 586 Core 260 | . . . . 260 Absorbed by Shields . | . . . . . Core Remaining (%) 100 | 100 . . . . Volleys Fired 25 | 1 7 . . 17 Largest 2 | 2 2 . . 2 Hottest 60 | 60 60 . . 60 Shots Fired 40 | 2 14 . . 24 Gun 33 | 2 14 . . 17 Cannon . | . . . . . Launcher 7 | . . . . 7 Special . | . . . . . Kinetic 18 | 1 7 . . 10 Thermal . | . . . . . Explosive 7 | . . . . 7 Electromagnetic 15 | 1 7 . . 7 Robot Hit Streak 6 | 1 3 . . 6 Robot Miss Streak 4 | . 4 . . 2 Penetration Max . | . . . . . Secondary Targets . | . . . . . Shots Hit Robots 18 | 1 6 . . 11 Core Hits 29 | 1 4 . . 24 Critical Kills . | . . . . . Critical Parts Destroyed . | . . . . . Critical Strikes . | . . . . . Melee Attacks . | . . . . . Impact . | . . . . . Slashing . | . . . . . Piercing . | . . . . . Sneak Attacks . | . . . . . Combat Hostiles . | . . . . . Follow-up Attacks . | . . . . . Damage Inflicted 1199 | 12 124 . . 1063 Guns 207 | 12 56 . . 139 Cannons . | . . . . . Explosions 992 | . 68 . . 924 Melee . | . . . . . Ramming . | . . . . . Kinetic 107 | . 23 . . 84 Thermal 68 | . 68 . . . Explosive 924 | . . . . 924 Electromagnetic 100 | 12 33 . . 55 Impact . | . . . . . Slashing . | . . . . . Piercing . | . . . . . Highest Corruption . | . . . . . Average Corruption . | . . . . . Corruption Purged . | . . . . . Corruption Blocked . | . . . . . Overload Shots . | . . . . . Overflow Damage 25 | . 2 . . 23 Projectiles . | . . . . . Explosions 25 | . 2 . . 23 Melee . | . . . . . Knockbacks . | . . . . . Impact . | . . . . . Kinetic . | . . . . . Secondary . | . . . . . Self-Inflicted Damage 35 | . . . . 35 Shots 1 | . . . . 1 Rammed . | . . . . . Targets Rammed . | . . . . . Kicked . | . . . . . Crushed . | . . . . . Highest Temperature 66 | . . . . 66 Average Temperature 25 | . . . . 25 Received Heat Transfer 306 | . . . . 306 Siege Activations . | . . . . . Robots Corrupted . | . . . . . Combat Hostiles . | . . . . . Parts Fried . | . . . . . Impact Corruptions . | . . . . . Robots Melted . | . . . . . Combat Hostiles . | . . . . . Parts Melted . | . . . . . Heat Transferred 50 | . 50 . . . Parts Sabotaged . | . . . . . Parts Stolen . | . . . . . Parts Stripped . | . . . . . Power Chain Reactions 2 | . 2 . . . Missiles Intercepted . | . . . . . Alert | -11 -10 -10 -10 -9 ------- Run | Jun Mat Min Exi Min Peak Influence 279 | 5 87 33 . 279 Initial 33 | . 3 33 . . Average 13 | 1 30 33 . 6 Maximum Alert Level 1 | . . . . 1 Low Security (%) 99 | 100 100 100 . 99 Level 1 . | . . . . . Level 2 . | . . . . . Level 3 . | . . . . . Level 4 . | . . . . . Level 5 . | . . . . . High Security . | . . . . . Max Security . | . . . . . Squads Dispatched 1 | . 1 . . . Investigation 1 | . 1 . . . Extermination . | . . . . . Reinforcement . | . . . . . Assault . | . . . . . Garrison . | . . . . . Intercept . | . . . . . Searches Triggered . | . . . . . Construction Impeded . | . . . . . Haulers Reinforced . | . . . . . Active Scanning Responses . | . . . . . Cargo Convoy Interrupts . | . . . . . Stealth | -11 -10 -10 -10 -9 --------- Run | Jun Mat Min Exi Min Distress Signals 3 | . 1 . . 2 Communications Jammed . | . . . . . Distress Signals . | . . . . . Times Spotted 23 | . 5 . . 18 Peak Tracking Total 8 | . 2 . . 8 Tactical Retreats 2 | . . . . 2 Traps | -11 -10 -10 -10 -9 ------- Run | Jun Mat Min Exi Min Traps Triggered 1 | . 1 . . . Indirectly . | . . . . . Trap Hack Attempts . | . . . . . Triggered . | . . . . . Disarmed . | . . . . . Reprogrammed 3 | . 3 . . . Reused . | . . . . . Traps Extracted . | . . . . . Installed . | . . . . . Triggered . | . . . . . Most Traps Carried 1 | . . 1 1 1 Machines | -11 -10 -10 -10 -9 ---------- Run | Jun Mat Min Exi Min Machines Disabled . | . . . . . Max in Single Turn . | . . . . . Machines Repaired . | . . . . . Machines Sabotaged . | . . . . . Overloaded Fab Kills . | . . . . . Hacking | -11 -10 -10 -10 -9 --------- Run | Jun Mat Min Exi Min Machines Accessed 6 | . 2 1 3 . Terminals 2 | . 2 . . . Fabricators . | . . . . . Repair Stations . | . . . . . Recycling Units . | . . . . . Scanalyzers . | . . . . . Garrison Access . | . . . . . Total Hacks 38 | . 5 1 32 . Successful 35 | . 2 1 32 . Failed 3 | . 3 . . . Catastrophic . | . . . . . Database Lockouts . | . . . . . Manual 2 | . 1 . 1 . Terminals 5 | . 5 . . . Fabricators . | . . . . . Repair Stations . | . . . . . Recycling Units . | . . . . . Scanalyzers . | . . . . . Garrison Access . | . . . . . Terminal Hacks 35 | . 2 1 32 . Record 32 | . . . 32 . Open Door 1 | . . 1 . . Locate Traps 1 | . 1 . . . Reprogram Traps 1 | . 1 . . . Fabricator Hacks . | . . . . . Repair Station Hacks . | . . . . . Recycling Unit Hacks . | . . . . . Scanalyzer . | . . . . . Garrison Access Hacks . | . . . . . Unauthorized Hacks . | . . . . . Terminals . | . . . . . Fabricators . | . . . . . Repair Stations . | . . . . . Recycling Units . | . . . . . Scanalyzers . | . . . . . Garrison Access . | . . . . . Data Cores Recovered . | . . . . . Used . | . . . . . Hacking Detections 2 | . 2 . . . Full Trace Events 1 | . 1 . . . Feedback Events . | . . . . . Feedback Blocked . | . . . . . Robot Schematics Acquired . | . . . . . Robots Built . | . . . . . Authchips . | . . . . . Time . | . . . . . Total Robot Build Rating . | . . . . . Part Schematics Acquired . | . . . . . Parts Built . | . . . . . Authchips . | . . . . . Time . | . . . . . Total Part Build Rating . | . . . . . Parts Repaired . | . . . . . Time . | . . . . . Parts Recycled . | . . . . . Recycled Matter . | . . . . . Retrieved Matter . | . . . . . Retrieved Components . | . . . . . Parts Scanalyzed . | . . . . . Part Schematics Acquired . | . . . . . Parts Damaged . | . . . . . Bothacking | -11 -10 -10 -10 -9 ------------ Run | Jun Mat Min Exi Min Used RIF Installer . | . . . . . Robots Hacked . | . . . . . Non-combat . | . . . . . Combat . | . . . . . Robot Hacks Applied . | . . . . . Relay Couplers Released . | . . . . . Fabnet Peak Effective % . | . . . . . Robots Rewired . | . . . . . Allies Hacked . | . . . . . Hacks Repelled . | . . . . . Allies | -11 -10 -10 -10 -9 -------- Run | Jun Mat Min Exi Min Total Allies 3 | . . . . 3 Largest Group 3 | . . . . 3 Highest-Rated Group 40 | . . . . 40 Highest-Rated Ally 16 | . . . . 16 Total Orders . | . . . . . Ally Attacks 16 | . . . . 16 Total Damage 143 | . . . . 143 Kills 1 | . . . . 1 Allies Corrupted . | . . . . . Allies Melted . | . . . . . Intel | -11 -10 -10 -10 -9 ------- Run | Jun Mat Min Exi Min Robot Analysis Total . | . . . . . Derelict Logs Recovered 4 | . . 2 . 2 Drone Launches . | . . . . . Drone Recoveries . | . . . . . Exploration | -11 -10 -10 -10 -9 ------------- Run | Jun Mat Min Exi Min Turns Passed 2548 | 89 115 397 673 1274 Spaces Moved 2241 | 84 91 450 839 777 Core 32 | 24 . . . 8 Treads . | . . . . . Legs . | . . . . . Wheels 2209 | 60 91 450 839 769 Hover . | . . . . . Flight . | . . . . . Fastest Speed 50 | 50 80 80 80 80 Average Speed 82 | 80 94 86 80 80 Slowest Speed 200 | 95 95 95 80 200 Overloaded Moves . | . . . . . Propulsion Burnouts . | . . . . . Robots Hopped . | . . . . . Cave-ins Triggered . | . . . . . Exploration Rate (%) 57 | 3 22 83 92 86 Regions Visited 4 Branch Regions 3 Pre-discovered Areas 1 | . . . 1 . Known Exits Taken . | . . . . . Unknown Exits Taken 4 | 1 1 1 1 . Scrap Searched 1 | . . 1 . . Spaces Dug . | . . . . . Terrain Destroyed 61 | . 6 . . 55 Melee . | . . . . . Projectile . | . . . . . AOE 61 | . 6 . . 55 Terrain Rammed . | . . . . . Walls Destroyed . | . . . . . Machines Disabled . | . . . . . Actions | -11 -10 -10 -10 -9 --------- Run | Jun Mat Min Exi Min Total 2909 | 102 105 460 840 1402 Wait 609 | . . 4 . 605 Move 2237 | 83 90 449 838 777 Hop . | . . . . . Pick Up 21 | 12 5 3 . 1 Fast Attach . | . . . . . Attach 11 | 6 3 1 . 1 Detach . | . . . . . Swap 1 | . . . 1 . Drop 4 | . . 3 . 1 Fire 25 | 1 7 . . 17 Melee . | . . . . . Ram . | . . . . . Kick . | . . . . . Crush . | . . . . . Escape Stasis . | . . . . . Rewire 1 | . . . 1 . Trap . | . . . . . Miscellaneous . | . . . . . Route ------- -11/Junkyard -10/Materials -10/Mines (discovered 2 exits: *Mat / *Exi) -10/Exiles (discovered 2 exits: [*Min x2]) -9/Mines History --------- Turn | Location | Event 2 | -11/Junkyard | Met Revision 17 18 | -11/Junkyard | Discovered new exit (range 15) 90 | -11/Junkyard | Entered Materials 191 | -10/Materials | Discovered new exit (range 13) 205 | -10/Materials | Entered Mines 309 | -10/Mines | Build established: Mutant 369 | -10/Mines | Learned Materials trap positions 381 | -10/Mines | Found a hidden stash of uninstalled traps 400 | -10/Mines | Found the Drone Emporium 409 | -10/Mines | Found Prototype Device 509 | -10/Mines | Found a damaged Exp. Sensor Array with a note attached 512 | -10/Mines | Found Prototype Device 522 | -10/Mines | Identified exit to Materials 597 | -10/Mines | Deemed a non-threat by the Exiles lab entrance 597 | -10/Mines | Discovered new exit (range 5) 602 | -10/Mines | Entered Exiles 622 | -10/Exiles | Discovered new exit (range 15) 632 | -10/Exiles | Met 8R-AWN 649 | -10/Exiles | Met EX-HEX 706 | -10/Exiles | Met EX-DEC 731 | -10/Exiles | Visited The Gauntlet 861 | -10/Exiles | Met EX-BIN 876 | -10/Exiles | Aligned with FarCom system 877 | -10/Exiles | Given EX-Vault access code 908 | -10/Exiles | Learned location of Zion (-6) 953 | -10/Exiles | Discovered new exit (range 12) 1053 | -10/Exiles | Opened EX-Vault 1059 | -10/Exiles | Identified Exp. Sensor Array 1078 | -10/Exiles | Warned to stay clear of 0b10 Research branches 1275 | -10/Exiles | Entered Mines 1380 | -9/Mines | Learned Materials emergency access door positions 1424 | -9/Mines | Received a Rocket Launcher from a helpful Derelict 1495 | -9/Mines | Excavation squad dispatched 1495 | -9/Mines | A large section of the Mines collapsed 1578 | -9/Mines | Build established: Skirmisher 1745 | -9/Mines | Excavation squad dispatched 1995 | -9/Mines | Excavation squad dispatched 2241 | -9/Mines | Assisted by bots powering up and referring to "LRC-V3" 2245 | -9/Mines | Excavation squad dispatched 2495 | -9/Mines | Excavation squad dispatched 2528 | -9/Mines | Core integrity fell below 50% 2539 | -9/Mines | Core integrity fell below 20% 2549 | -9/Mines | Destroyed by G-34 Mercenary with Small Laser Last Messages --------------- 02521_ Assault Rifle destroyed. 02523_ G-34 Mercenary destroyed. 02523_ T-07 Excavator destroyed. 02525_ G-34 Mercenary destroyed. 02530_ T-07 Excavator destroyed. 02531_ Wheel destroyed. 02532_ T-07 Excavator destroyed. 02532_ G-34 Mercenary destroyed. 02535_ T-07 Excavator sends out distress signal. 02537_ Lgt. Ion Engine destroyed. 02538_ The unstable cave ceiling collapses. 02542_ Destroyed Mining Laser. 02542_ T-07 Excavator destroyed. 02542_ G-34 Mercenary destroyed. 02542_ T-07 Excavator destroyed. 02544_ G-34 Mercenary destroyed. 02545_ The unstable cave ceiling collapses. 02545_ Aluminum Leg crushed. 02545_ Rocket Launcher destroyed. 02548_ The unstable cave ceiling collapses. Map ----- +----------------------------------------------------+ | ????????# ###% ! #???????????? | | ????????????#!%* ##???????????? | | ????????????#= ##???????????? | | ????????????## " ##??????????? | | ?????????????###" ##?????????? | | ????????? ?????## #?????????? | | ????????? ??????## #?????????? | | ????????? ???????# % ##?????????? | | ????????# #??????## ##??????????? | | ????????# #??????# ###???????????? | | ????????#%#??????### #???????????? | | ????????#!#?????? #???????????? | | ????????# #?????? ???????# ## | | ????????#[##???? ## ?????# | | ????????[==##???# ###? #??????### | | ???????##$=%#???##????%"#????????? | | ??????## ==*##????????=%#??#?????? | | ??????#=! g* ###??#??#% #?# ???? | | ??????##%%=! ## #### ## ???? | | ?????## =gt ! ! # ""???? | | ?????# ![[%% #[ # """ ? | | ?????## % gg%[ """ ? | | ??????# # ?? | | ?????## ??? | | ???### ## #????? | | ??## @ = #?????? | | ??# %=! #?????? | | ??# !% #?????? | | ??## ###### # ##????? | | ???####?????## #### =% ###### | | ??????????????##??## | | ???????????????????##### | | ???????????????????????########### | | ?????????????????????????????????? | | ?????????????????????????????????? | | | | | | | | | | | | | | | | | | | | | | | | | | | | | | | +----------------------------------------------------+ Best States ------------- Heat Dissipation 25 Energy Generation 10 Energy Capacity 125 Matter Stores 282 Matter Capacity 300 Sight Range 16 Robot Scan Range 20 Terrain Scan Range 16 Terrain Scan Density 10 Evasion (%) 44 Item Schematics ----------------- None Robot Schematics ------------------ None Fabricated ------------ Nothing Alien Tech Used ----------------- None Achievements -------------- None Challenges ------------ None Game ------ Seed QuantumFocalProcessor Manual? 0 Play Time 00:26:02 Cumulative 118.0 hours Start 2023.12.28 @ 19:23:47 End 2023.12.28 @ 20:15:27 Sessions 1 Manual Loads 0 Difficulty Rogue Special Mode None Game No. 110 Rogue 110 Adventurer 0 Explorer 0 Win Type - Total 0 Types 0/0/0/0/0/0/0/0/0 Lore% 35 Gallery% 41 Achievement% 30 Wizard Run 0 Options --------- ASCII 0 Keyboard 0 Movement Arrows Keybinds 0 Fullscreen 1 Font 18/SmallcapsGlow Map View 76x50 Tactical HUD 1 Map Filters NONE Filters NONE Steam 1 RUN: 221ed56c-88cc-427c-9d47-da7ed2d9aab7